 Dungeon Crawl Stone Soup version 0.30-a0-924-g0ad0bf95bc (webtiles) character file.

Game seed: 11792267611422632204

443 Iniera the Conjurer (level 6, 0/41 HPs)
             Began as a Demonspawn Conjurer on Mar 22, 2023.
             Slain by Natasha (6 damage)
             ... on level 3 of the Dungeon.
             The game lasted 00:04:40 (3278 turns).

Iniera the Conjurer (Demonspawn Conjurer)           Turns: 3278, Time: 00:04:40

Health: 0/41       AC:  3    Str:  8    XL:     6   Next: 71%
Magic:  0/11       EV: 12    Int: 23    God:
Gold:   123        SH:  0    Dex: 11    Spells: 9/12 levels left

rFire   . . .      SeeInvis .    (no weapon)
rCold   . . .      Faith    .    (no shield)
rNeg    . . .      Spirit   .    a - +1 robe
rPois   .          Reflect  .    (no helmet)
rElec   .          Rampage  .    (no cloak)
rCorr   .                        (no gloves)
Will    .....                    (no boots)
Stlth   ++                       (no amulet)
HPRegen 0.26/turn                (no ring)
MPRegen 0.12/turn                (no ring)

@: about to teleport
A: claws 2, foul stench 1, big brain 1
a: no special abilities


You were on level 3 of the Dungeon.
You visited 1 branch of the dungeon, and saw 3 of its levels.

You collected 123 gold pieces.

Inventory:

Armour
 a - a +1 robe (worn)
Jewellery
 g - an amulet of reflection
Scrolls
 d - a scroll of poison {unknown}
 e - a scroll of teleportation
 h - a scroll of fog {unknown}
Potions
 b - 2 potions of magic
 c - 2 potions of might
 f - a potion of brilliance
 i - a potion of heal wounds {unknown}
 j - a potion of invisibility
 k - a potion of curing


   Skills:
 - Level 1.7 Dodging
 - Level 1.7 Stealth
 + Level 3.9 Spellcasting
 * Level 7.2 Conjurations


You had 9 spell levels left.
You knew the following spells:

 Your Spells              Type           Power      Damage    Failure   Level
a - Magic Dart            Conj           100%       1d8       1%          1
b - Searing Ray           Conj           74%        2d7       1%          2

Your spell library contained the following spells:

 Spells                   Type           Power      Damage    Failure   Level
 Dazzling Flash           Conj/Hex       42%        N/A       7%          3
 Hailstorm                Conj/Ice       21%        3d6       7%          3
 Freeze                   Ice            16%        1d4       11%         1
 Sting                    Tmut/Pois      16%        1d3       11%         1
 Poisonous Vapours        Pois/Air       8%         N/A       16%         2
 Fulminant Prism          Conj/Hex       10%        3d9       24%         4
 Iskenderun's Mystic Bla  Conj/Tloc      21%        2d6       24%         4
 Frozen Ramparts          Ice            8%         1d2       32%         3
 Vhi's Electric Charge    Tloc/Air       8%         N/A       32%         3
 Arcjolt                  Conj/Air       10%        1d20      54%         5
 Olgreb's Toxic Radiance  Pois           4%         N/A       71%         4
 Maxwell's Capacitive Co  Air            2%         ∞         100%        8


Dungeon Overview and Level Annotations

Branches:
Dungeon (3/15)

Altars:
Uskayaw

Annotations:
D:3 Natasha


Innate Abilities, Weirdness & Mutations

You have very sharp fingernails.
You may rarely emit foul miasma when damaged in melee.
You have an unusually large brain. (Int +2)


Message History

Casting: Searing Ray (safe; 1% risk of failure)
Confirm with . or Enter, or press ? or * to list all spells.
Aiming: Searing Ray (safe; 1% risk of failure)
Press: ? - help, Shift-Dir - straight line, f - Grinder
Aim: Grinder (heavily wounded, strong, 78% to hit)
The searing ray hits Grinder!
Grinder is severely wounded. (Press . to maintain the ray.) Grinder hits you!
* * * LOW HITPOINT WARNING * * *
You writhe in agony.
* * * LOW HITPOINT WARNING * * *
Okay, then.
The searing ray hits Grinder!
You kill Grinder!
Your Conjurations skill increases to level 7!
You have reached level 6!
Your demonic ancestry asserts itself...
Your fingernails sharpen.
Casting: Searing Ray (safe; 1% risk of failure)
Confirm with . or Enter, or press ? or * to list all spells.
Aiming: Magic Dart (safe; 1% risk of failure)
Press: ? - help, Shift-Dir - straight line, f - rat
Aim: a rat (100% to hit)
The magic dart hits the rat.
You kill the rat!
As you read the scroll of teleportation, it crumbles to dust.
You feel strangely unstable. Natasha barely misses you.
You feel better. Natasha claws you but does no damage.
Casting: Magic Dart (safe; 1% risk of failure)
Confirm with . or Enter, or press ? or * to list all spells.
Aiming: Magic Dart (safe; 1% risk of failure)
Press: ? - help, Shift-Dir - straight line, f - Natasha
Aim: Natasha (100% to hit)
The magic dart hits Natasha.
Natasha is moderately wounded.
Natasha claws you!
* * * LOW HITPOINT WARNING * * *
Natasha attacks as you move away! Natasha claws you.
You die...

.#.?...## ..####...####
........## #.## ###.# #
.........# #. #.#
.........##.. #.###
............########...##
§........#..............#
.....[..)##.##..†########
.......h###.####.##
.#...).#@.........#
#######.(......#.#
#........#.#
#.............
#........##... ##########
###


You could see Natasha.

Vanquished Creatures
  Grinder (D:3)
  Sigmund (D:3)
  An adder (D:2)
  A worm (D:2)
  13 ball pythons
  6 endoplasms
  4 giant cockroaches (D:2)
  12 goblins
  7 hobgoblins
  4 jackals (D:2)
  6 kobolds
  5 quokkas
  5 bats
  4 frilled lizards
  8 rats
78 creatures vanquished.

Notes
Turn   | Place    | Note
-------+----------+-------------------------------------------
     0 | D:1      | Iniera the Demonspawn Conjurer began the quest for the Orb.
     0 | D:1      | Reached XP level 1. HP: 13/13 MP: 3/3
   245 | D:1      | Gained mutation: You have sharp fingernails. [demonic
                  | ancestry]
   245 | D:1      | Reached XP level 2. HP: 19/19 MP: 0/5
   395 | D:1      | Learned a level 2 spell: Searing Ray
   813 | D:1      | Gained mutation: You may rarely emit foul miasma when
                  | damaged in melee. [demonic ancestry]
   813 | D:1      | Reached XP level 3. HP: 23/24 MP: 1/6
  1438 | D:2      | Reached skill level 5 in Conjurations
  1694 | D:2      | Found a hide-covered altar of Uskayaw.
  2049 | D:2      | Reached XP level 4. HP: 30/30 MP: 4/7
  2498 | D:3      | Noticed Sigmund
  2989 | D:3      | Killed Sigmund
  2990 | D:3      | Reached skill level 6 in Conjurations
  2990 | D:3      | Gained mutation: You have an unusually large brain. (Int
                  | +2) [demonic ancestry]
  2990 | D:3      | Reached XP level 5. HP: 35/35 MP: 2/10
  3264 | D:3      | Noticed Grinder
  3267 | D:3      | Noticed Natasha
  3269 | D:3      | Paralysed by Grinder for 3 turns
  3273 | D:3      | Killed Grinder
  3274 | D:3      | Reached skill level 7 in Conjurations
  3274 | D:3      | Gained mutation: You have very sharp fingernails. [demonic
                  | ancestry]
  3274 | D:3      | Reached XP level 6. HP: 5/41 MP: 2/11
  3278 | D:3      | Slain by Natasha

Illustrated notes

Levels and vault maps discovered:
D:1:      zelgadis_glass_arrival_small, layout_basic
D:2:      layout_basic, basic_altar, minmay_tripent
D:3:      layout_rooms, nicolae_tso_carved_into_rock, uniq_sigmund,
          uniq_grinder, uniq_natasha

Skill      XL: |  1  2  3  4  5 |
---------------+----------------+-----
Conjurations   | 5 6 7 |  7.2
Spellcasting   | 3 |  3.9
Dodging        | |  1.7
Stealth        | |  1.7

Action                     |  1- 3 |  4- 6 || total
---------------------------+-------+-------++-------
  Melee: Unarmed           |    58 |     1 ||    59
         Punch             |     1 |       ||     1
   Cast: Magic Dart        |    83 |    31 ||   114
         Searing Ray       |     1 |     5 ||     6
    Use: Scroll            |     6 |     2 ||     8
         Potion            |       |     1 ||     1
   Stab: Sleeping          |     1 |       ||     1
 Armour: Robe              |    14 |     3 ||    17
  Dodge: Dodged            |    49 |     9 ||    58

Table legend: (Time is in decaauts)
 A = Elapsed time spent in this place.
 B = Non-inter-level travel time spent in this place.
 C = Inter-level travel time spent in this place.
 D = Time resting spent in this place.
 E = Time spent auto-exploring this place.
 F = Levels seen in this place.
 G = Mean time per level.
                   A        B        C        D        E       F      G
               +--------+--------+--------+--------+--------+-----+--------+
         Total |   3280 |   3192 |     88 |    287 |   2521 |   3 | 1093.3 |
       Dungeon |   3280 |   3192 |     88 |    287 |   2521 |   3 | 1093.3 |
               +--------+--------+--------+--------+--------+-----+--------+

Top non-repeatable levels by time:
     D:2: 1545 daAuts
     D:1: 1260 daAuts
     D:3: 474 daAuts
